 Dungeon Crawl Stone Soup version 0.30.1-4-g462c640d31 (webtiles) character file.

Game seed: 17468303588812868822

212 FishyPogo the Insei (level 5, 0/41 HPs)
             Began as a Gnoll Transmuter on Aug 26, 2023.
             Slain by a mummy (13 damage)
             ... on level 4 of the Dungeon.
             The game lasted 00:05:58 (2843 turns).

FishyPogo the Insei (Gnoll Transmuter)              Turns: 2843, Time: 00:05:59

Health: 0/41       AC:  2    Str:  9    XL:     5   Next: 90%
Magic:  11/12      EV: 13    Int: 14    God:
Gold:   139        SH:  0    Dex: 13    Spells: 8/14 levels left

rFire   . . .        f - +1 short sword (speed)
rCold   . . .        (no shield)
rNeg    . . .        s - +0 animal skin
rPois   .            e - melded +2 hat
rElec   .            (no cloak)
rCorr   .            (no gloves)
SInv    .            a - melded +0 pair of boots
Will    .....        (no amulet)
Stlth   ++           (no ring)
HPRegen 0.26/turn    (no ring)
MPRegen 0.13/turn

%: no passive effects
@: appendages
A: horns 2, talons 2, fangs 1, strong nose, distributed training
a: End Transformation


You were on level 4 of the Dungeon.
You had temporarily grown beastly horns and talons.
You visited 1 branch of the dungeon, and saw 4 of its levels.

You collected 139 gold pieces.

Inventory:

Hand Weapons
 f - a +1 short sword of speed (weapon)
Missiles
 k - 2 poisoned darts
 o - 3 silver boomerangs
 r - 8 stones
 t - a boomerang
 v - 2 javelins
Armour
 a - a +0 pair of boots (melded)
 e - a +2 hat (melded)
 s - a +0 animal skin (worn)
Magical Staves
 c - a staff of poison
Scrolls
 h - 2 scrolls of identify {unknown}
 i - a scroll of vulnerability {unknown}
 j - 2 scrolls of blinking {unknown}
 q - 2 scrolls of noise
 u - a scroll of poison {unknown}
Potions
 b - a potion of lignification
 d - a potion of brilliance {unknown}
 g - a potion of mutation {unknown}
 l - a potion of might
 m - a potion of cancellation {unknown}
 n - 2 potions of curing
 p - a potion of attraction {unknown}
 w - a potion of heal wounds {unknown}
 x - a potion of degeneration {unknown}


   Skills:
 + Level 3.1 Fighting
 + Level 1.7 Short Blades
 + Level 1.7 Long Blades
 + Level 1.7 Axes
 + Level 1.7 Maces & Flails
 + Level 1.7 Polearms
 + Level 1.7 Staves
 + Level 1.7 Ranged Weapons
 + Level 1.7 Throwing
 + Level 1.7 Armour
 + Level 4.9 Dodging
 + Level 1.7 Stealth
 + Level 1.7 Shields
 + Level 6.7 Unarmed Combat
 + Level 5.3 Spellcasting
 + Level 1.3 Conjurations
 + Level 1.3 Hexes
 + Level 1.3 Summonings
 + Level 1.3 Necromancy
 + Level 1.3 Translocations
 + Level 4.0 Transmutations
 + Level 1.3 Fire Magic
 + Level 1.3 Ice Magic
 + Level 1.3 Air Magic
 + Level 1.3 Earth Magic
 + Level 1.3 Poison Magic
 + Level 2.0 Invocations
 + Level 1.7 Evocations


You had 8 spell levels left.
You knew the following spells:

 Your Spells              Type           Power      Damage    Failure   Level
a - Beastly Appendage     Tmut           30%        N/A       3%          1
b - Wereblood             Tmut           15%        N/A       4%          2
c - Spider Form           Tmut/Pois      11%        N/A       17%         3

Your spell library contained the following spells:

 Spells                   Type           Power      Damage    Failure   Level
 Lesser Beckoning         Tloc           14%        N/A       14%         2
 Gell's Gravitas          Tloc           7%         N/A       28%         3
 Teleport Other           Tloc           7%         N/A       28%         3
 Ice Form                 Ice/Tmut       11%        N/A       50%         4


Dungeon Overview and Level Annotations

Branches:
Dungeon (4/15)
 Temple: D:4-7

Altars:

Shops:
D:3 =

Portals:
Ossuary: D:4


Innate Abilities, Weirdness & Mutations

You have temporarily grown beastly horns and talons.
You have very sharp teeth.
Your uncanny sense of smell can sniff out nearby items.
Your experience applies equally to all skills.


Message History

Your Invocations skill increases to level 2!
You feel sick.
You feel sick.
You feel sick.
You feel sick.
You are no longer poisoned.
Your transformation is almost over.
Your horns disappear.
Your talons disappear.
Your +2 hat unmelds from your body.
Your +0 pair of boots unmelds from your body.
There is a stone staircase leading down here.
You climb downwards.
You hear the hiss of flowing sand.
There is an entrance to an ossuary on this level.
Hurry and find it before the portal is buried!
You hear the slow hiss of an avalanche of sand.
There is a stone staircase leading up here.
You open the door.
A mummy comes into view.
Found a sand-covered staircase.
The mummy hits you!
There is an open door here.
You hit the mummy but do no damage. You hit the mummy.
The mummy is moderately damaged.
The mummy hits you!
Okay, then.
Casting: Beastly Appendage (safe; 3% risk of failure)
Confirm with . or Enter, or press ? or * to list all spells.
You grow a pair of large bovine horns.
Your feet morph into talons.
Your +2 hat melds into your body.
Your +0 pair of boots melds into your body.
You hit the mummy. You claw the mummy.
The mummy is heavily damaged.
The mummy barely misses you.
You hit the mummy. You headbutt the mummy.
The mummy is severely damaged.
You hit the mummy. You claw the mummy. You bite the mummy, but do no damage.
The mummy is almost destroyed.
The mummy hits you!
You die...

... .......
#.#...# #.<..#
##..## #..##
#..#.##
....##..##
#.#..###...#..#
...##M@........
#...
###...#.##. ##.
#..##.# # #.##
# .## ∆ . . ∆


You could see a mummy.

Vanquished Creatures
  A scorpion (D:3)
  Robin (D:2)
  4 adders
  3 worms (D:2)
  3 dart slugs
  5 orcs
  3 ball pythons
  4 bats
  10 endoplasms
  4 giant cockroaches
  12 goblins
  9 hobgoblins
  4 jackals
  3 quokkas
  A frilled lizard (D:2)
  5 kobolds
  8 rats
80 creatures vanquished.

Notes
Turn   | Place    | Note
-------+----------+-------------------------------------------
     0 | D:1      | FishyPogo the Gnoll Transmuter began the quest for the Orb.
     0 | D:1      | Reached XP level 1. HP: 17/17 MP: 6/6
   192 | D:1      | Reached XP level 2. HP: 23/23 MP: 5/7
   241 | D:1      | Learned a level 2 spell: Wereblood
   550 | D:1      | Reached skill level 5 in Spellcasting
   550 | D:1      | Reached XP level 3. HP: 28/28 MP: 6/9
   554 | D:1      | Learned a level 3 spell: Spider Form
  1145 | D:2      | Reached skill level 1 in Invocations
  1277 | D:2      | Reached skill level 1 in Short Blades
  1277 | D:2      | Reached skill level 1 in Long Blades
  1277 | D:2      | Reached skill level 1 in Axes
  1277 | D:2      | Reached skill level 1 in Maces & Flails
  1277 | D:2      | Reached skill level 1 in Polearms
  1277 | D:2      | Reached skill level 1 in Staves
  1277 | D:2      | Reached skill level 1 in Ranged Weapons
  1277 | D:2      | Reached skill level 1 in Throwing
  1277 | D:2      | Reached skill level 1 in Armour
  1277 | D:2      | Reached skill level 1 in Stealth
  1277 | D:2      | Reached skill level 1 in Shields
  1277 | D:2      | Reached skill level 1 in Evocations
  1385 | D:2      | Reached XP level 4. HP: 32/34 MP: 11/11
  1925 | D:2      | Noticed Robin
  1935 | D:2      | Reached skill level 1 in Conjurations
  1935 | D:2      | Reached skill level 1 in Hexes
  1935 | D:2      | Reached skill level 1 in Summonings
  1935 | D:2      | Reached skill level 1 in Necromancy
  1935 | D:2      | Reached skill level 1 in Translocations
  1935 | D:2      | Reached skill level 1 in Fire Magic
  1935 | D:2      | Reached skill level 1 in Ice Magic
  1935 | D:2      | Reached skill level 1 in Air Magic
  1935 | D:2      | Reached skill level 1 in Earth Magic
  1935 | D:2      | Reached skill level 1 in Poison Magic
  1942 | D:2      | Killed Robin
  2036 | D:3      | Found Fiet's Jewellery Shoppe.
  2165 | D:3      | Reached XP level 5. HP: 34/40 MP: 8/12
  2836 | D:4      | Found a sand-covered staircase.
  2843 | D:4      | Slain by a mummy

Illustrated notes

Levels and vault maps discovered:
D:1:      minmay_arrival_arboretum_small, layout_basic
D:2:      minmay_inner_zag, layout_basic, minmay_misc_feat_room, uniq_robin
D:3:      layout_basic, serial_shops, nicolae_shop_real_fake_doors
D:4:      layout_loops_ring, nicolae_overflow_crystal_walls,
          nicolae_uskayaw_murder_on_the_dancefloor, nicolae_ossuary_entry_giza

Skill      XL: |  1  2  3  4  5 |
---------------+----------------+-----
Spellcasting   | 5 |  5.3
Invocations    | 1 2 |  2.0
Short Blades   | 1 |  1.7
Long Blades    | 1 |  1.7
Axes           | 1 |  1.7
Maces & Flails | 1 |  1.7
Polearms       | 1 |  1.7
Staves         | 1 |  1.7
Ranged Weapons | 1 |  1.7
Throwing       | 1 |  1.7
Armour         | 1 |  1.7
Stealth        | 1 |  1.7
Shields        | 1 |  1.7
Evocations     | 1 |  1.7
Conjurations   | 1 |  1.3
Hexes          | 1 |  1.3
Summonings     | 1 |  1.3
Necromancy     | 1 |  1.3
Translocations | 1 |  1.3
Fire Magic     | 1 |  1.3
Ice Magic      | 1 |  1.3
Air Magic      | 1 |  1.3
Earth Magic    | 1 |  1.3
Poison Magic   | 1 |  1.3
Fighting       | 3 |  3.1
Transmutations | 4 |  4.0
Dodging        | |  4.9
Unarmed Combat | |  6.7

Action                     |  1- 3 |  4- 6 || total
---------------------------+-------+-------++-------
  Melee: Unarmed           |    17 |       ||    17
         Kick              |    20 |    29 ||    49
         Bite              |     7 |    14 ||    21
         Headbutt          |     7 |    18 ||    25
         Short sword       |    68 |   111 ||   179
         Punch             |     1 |     2 ||     3
   Cast: Beastly Appendage |    32 |    23 ||    55
         Wereblood         |       |     3 ||     3
Ability: End Transformatio |       |     1 ||     1
    Use: Potion            |       |     2 ||     2
         Scroll            |       |     1 ||     1
   Stab: Sleeping          |     4 |     3 ||     7
 Armour: Robe              |    16 |     2 ||    18
         Animal skin       |       |     5 ||     5
  Dodge: Dodged            |    35 |    53 ||    88
